 Dungeon Crawl Stone Soup version 0.30.1-4-g462c640d31 (webtiles) character file.

Game seed: 6867691299612617761

515 hawla the Firebug (level 7, -2/52 HPs)
             Began as a Meteoran Fire Elementalist on Sept 8, 2023.
             Killed by divine providence
             ... invoked by an orc priest
              (11 damage)
             ... on level 5 of the Dungeon.
             The game lasted 00:07:57 (1661 turns).

hawla the Firebug (Meteoran Fire Elementalist)      Turns: 1661, Time: 00:07:57

Health: -2/52      AC:  3    Str:  9    XL:     7   Next: 72%
Magic:  1/15       EV: 13    Int: 19    God:
Gold:   234        SH:  0    Dex: 15    Spells: 9/16 levels left

rFire   + . .        g - +2 whip (vamp)
rCold   . . .        (no shield)
rNeg    . . .        a - +0 robe
rPois   +            (helmet restricted)
rElec   .            d - +0 cloak
rCorr   .            (no gloves)
SInv    .            (no boots)
Will    .....        (no amulet)
Stlth   +            f - ring of poison resistance
HPRegen 0.28/turn    h - ring of protection from fire
MPRegen 0.14/turn

%: no passive effects
@: glowing
A: sense surroundings 1, otherworldly, glowing, explore regen, antennae 1
a: no special abilities


You were on level 5 of the Dungeon.
You visited 1 branch of the dungeon, and saw 5 of its levels.

You collected 234 gold pieces.

Inventory:

Hand Weapons
 g - a +2 vampiric whip (weapon)
 l - a +0 quarterstaff
Armour
 a - a +0 robe (worn)
 d - a +0 cloak (worn)
Jewellery
 f - a ring of poison resistance (left hand)
 h - a ring of protection from fire (right hand)
Wands
 p - a wand of quicksilver (10)
 r - a wand of paralysis (11)
Scrolls
 b - 7 scrolls of identify {unknown}
 c - a scroll of noise {unknown}
 e - 4 scrolls of teleportation {unknown}
 i - a scroll of blinking {unknown}
 k - 2 scrolls of enchant weapon {unknown}
 m - a scroll of torment {unknown}
 n - 2 scrolls of poison {unknown}
 o - a scroll of vulnerability {unknown}
 q - a scroll of silence {unknown}
 s - a scroll of magic mapping {unknown}
Potions
 j - a potion of invisibility


   Skills:
 + Level 1.0 Fighting
 + Level 1.3(2.1) Maces & Flails
 + Level 2.3(2.5) Staves
 + Level 3.1 Dodging
 - Level 1.4 Stealth
 + Level 5.0 Spellcasting
 + Level 5.2 Conjurations
 + Level 5.4 Fire Magic


You had 9 spell levels left.
You knew the following spells:

 Your Spells              Type           Power      Damage    Failure   Level
a - Foxfire               Conj/Fire      96%        2x1d8     1%          1
b - Scorch                Fire           50%        2d7       1%          2
c - Flame Wave            Conj/Fire      24%        2d8       14%         4

Your spell library contained the following spells:

 Spells                   Type           Power      Damage    Failure   Level
 Inner Flame              Hex/Fire       15%        N/A       12%         3
 Volatile Blastmotes      Fire/Tloc      30%        2d12      12%         3
 Poisonous Vapours        Pois/Air       8%         N/A       19%         2
 Mephitic Cloud           Conj/Pois/Air  11%        N/A       19%         3
 Frozen Ramparts          Ice            8%         1d2       36%         3
 Ice Form                 Ice/Tmut       4%         N/A       77%         4
 Summon Ice Beast         Ice/Summ       4%         N/A       77%         4
 Freezing Cloud           Conj/Ice/Air   5%         6-21      86%         5


Dungeon Overview and Level Annotations

Branches:
Dungeon (5/15) Zot: 1339
 Temple: D:4-7

Altars:


Innate Abilities, Weirdness & Mutations

You passively map a small area around you.
You are easily found by Zot.
You glow in the dark.
You regain HP and MP as you explore.
You have a pair of small antennae on your head.


Message History

The orc wizard is lightly wounded.
The foxfire hits the orc wizard.
The orc wizard is heavily wounded.
An adder comes into view.
Casting: Scorch (safe; 1% risk of failure)
Confirm with . or Enter, or press ? or * to list all spells.
You conjure some foxfire!
The orc priest calls down the wrath of Beogh upon you.
Beogh smites you!
The orc wizard gestures wildly while chanting.
The orc wizard flickers and vanishes!
Deactivating autopickup; reactivate with Ctrl-A.
You closely miss the orc priest.
The orc priest is heavily wounded.
The foxfire hits the orc priest.
The orc priest is severely wounded.
The foxfire hits something.
The orc priest hits you with a +0 war axe!
Unknown command.
Okay, then.
You miss something. The orc closely misses you.
The orc priest hits you with a +0 war axe!
You hear some strange, mumbled words.
Something tries to affect you, but you resist.
You barely miss something. The orc barely misses you.
The orc priest mumbles some strange prayers to Beogh against you.
You resist with significant effort. Something barely misses you.
You miss something. The adder bites you but does no damage. The orc misses you.
The orc priest barely misses you. Something hits you.
You hit the orc priest.
The orc priest is almost dead.
The adder bites you.
* * * LOW HITPOINT WARNING * * *
Something hits you.
* * * LOW HITPOINT WARNING * * *
The orc hits you with a +0 club.
* * * LOW HITPOINT WARNING * * *
The orc priest mumbles some strange prayers to Beogh against you.
Beogh smites you!
You die...

* , ### , , ,,.......# ,
* , # #..#.#.##. * #.
*##..#.#.##. *
#..##...#.#.##.* *
........#.#.##.#########
#.......#.#.##..........
.?..).S.#.#.###.........
#[....o@#.#...........##
, ,
#.....o{...............#
,
#.........#.###..####..#
.#.##.###.#.###..####..#
,# #. ................
,, .! .....####.####...
* .. ....### #.# #... ,
........# #.####... ,
####### #.#[.....


You could see an orc priest, an adder and an orc.

Vanquished Creatures
  An ice beast (D:5)
  An ogre (D:5)
  A hound (D:4)
  3 orc priests
  A jelly (D:4)
  2 sleepcaps (D:4)
  2 iguanas
  2 adders
  A dart slug (D:3)
  10 orcs
  2 endoplasms (D:2)
  A giant cockroach (D:2)
  7 goblins
  6 hobgoblins
  5 jackals
  4 kobolds
  4 quokkas
  3 ball pythons
  A frilled lizard (D:3)
  5 rats
62 creatures vanquished.

Vanquished Creatures (others)
  113 foxfires
113 creatures vanquished.

Grand Total: 175 creatures vanquished

Notes
Turn   | Place    | Note
-------+----------+-------------------------------------------
     0 | D:1      | hawla the Meteoran Fire Elementalist began the quest for
                  | the Orb.
     0 | D:1      | Reached XP level 1. HP: 14/14 MP: 5/5
    71 | D:1      | Reached XP level 2. HP: 20/20 MP: 0/6
    99 | D:1      | Learned a level 2 spell: Scorch
   289 | D:1      | Reached XP level 3. HP: 19/26 MP: 4/8
   373 | D:2      | Identified the +2 leather armour of Dithmenos's Supremacy
                  | {rElec rF+ rC- Will+}
   384 | D:2      | Gained mutation: You have a pair of small antennae on your
                  | head. [potion of mutation]
   465 | D:3      | Reached XP level 4. HP: 32/34 MP: 2/10
   489 | D:2      | Reached XP level 5. HP: 10/39 MP: 0/12
   545 | D:2      | Learned a level 4 spell: Flame Wave
   845 | D:4      | Reached XP level 6. HP: 46/46 MP: 8/13
  1038 | D:4      | Reached skill level 1 in Staves
  1592 | D:5      | Entered Level 5 of the Dungeon
  1596 | D:5      | Reached XP level 7. HP: 51/51 MP: 10/14
  1615 | D:5      | Reached skill level 1 in Maces & Flails
  1615 | D:5      | Reached skill level 5 in Conjurations
  1615 | D:5      | Reached skill level 5 in Fire Magic
  1652 | D:5      | Reached skill level 1 in Fighting
  1653 | D:5      | Reached skill level 5 in Spellcasting
  1661 | D:5      | Killed from afar by an orc priest

Illustrated notes

Levels and vault maps discovered:
D:1:      psy_arrival_radial02, layout_basic
D:2:      minmay_spotlight, layout_loops_ring
D:3:      layout_rooms, fedhas_altar_1, minmay_box_of_dots
D:4:      layout_basic
D:5:      layout_loops_ring, led_sif_book, serial_shops,
          nicolae_shop_tiny_glass, minmay_puff

Skill      XL: |  1  2  3  4  5  6  7 |
---------------+----------------------+-----
Fire Magic     | 4 5 |  5.4
Spellcasting   | 3 4 5 |  5.0
Conjurations   | 2 3 4 5 |  5.2
Staves         | 2 |  2.3
Dodging        | 3 |  3.1
Maces & Flails | 1 |  1.3
Fighting       | 1 |  1.0
Stealth        | |  1.4

Action                     |  1- 3 |  4- 6 |  7- 9 || total
---------------------------+-------+-------+-------++-------
  Melee: Unarmed           |     4 |       |       ||     4
         Whip              |     4 |    16 |     5 ||    25
         Short sword       |     2 |       |       ||     2
         Quarterstaff      |       |     5 |       ||     5
   Cast: Foxfire           |    32 |    21 |    12 ||    65
         Scorch            |     8 |    16 |     4 ||    28
         Flame Wave        |       |     2 |     1 ||     3
    Use: Potion            |     2 |     3 |       ||     5
 Armour: Robe              |    11 |     7 |     2 ||    20
  Dodge: Dodged            |    18 |    26 |     5 ||    49
